Map: Zarośnięta placówka

Players

CovekotX

  • Race: Protoss Protoss
  • Spawn Location: 9:00

Necromancer

  • Race: Protoss Protoss
  • Spawn Location: 7:00

Esharell - Winner!

  • Race: Zerg Zerg
  • Spawn Location: 1:00

Legol - Winner!

  • Race: Protoss Protoss
  • League: Gold
  • Spawn Location: 3:00

VOD

Have the link to the VOD?

Description

Time

  • Played on: Jan. 3, 2020, 5:24 p.m.
  • Length: 7:18
Show
View Real Time Build Order
Export as new Build Order

CovekotX Protoss 

Build Orders: Zealot Archon, Archon Drop 

Get SALT Encoding   

  12  0:01  Probe  
  13  0:13  Probe  
  14  0:22  Pylon  
  14  0:30  Probe  
  15  0:45  Probe  
  15  0:48  Assimilator  
  16  0:52  Pylon  
  16  0:56  Assimilator  
  16  0:57  Probe  
  16  1:04  Gateway  
  17  1:19  Forge  
  17  1:26  Probe (Chrono Boost)  
  18  1:37  Probe (Chrono Boost)  
  19  1:40  Pylon  
  19  1:42  Probe (Chrono Boost)  
  20  1:50  Pylon  
  20  1:52  Probe  
  21  1:56  Cybernetics Core  
  21  2:05  Probe  
  22  2:14  Photon Cannon  
  22  2:16  Photon Cannon x2  
  22  2:17  Probe  
  22  2:18  Photon Cannon  
  22  2:19  Photon Cannon  
  22  2:21  Photon Cannon  
  23  2:27  Gateway  
  23  2:29  Warp Gate (Chrono Boost)  
  23  2:37  Twilight Council  
  23  2:40  Robotics Facility  
  23  2:42  Probe  
  24  2:54  Probe  
  25  3:04  Gateway  
  25  3:06  Probe  
  25  3:07  Charge (Chrono Boost)  
  25  3:08  Pylon  
  26  3:28  Gateway  
  26  3:29  Gateway  
  26  3:31  Gateway  
  26  3:33  Gateway  
  26  3:41  Warp Prism  
  28  3:52  Pylon  
  28  3:54  Pylon  
  29  4:17  Observer  
  29  4:29  Blink (Chrono Boost)  
  29  4:35  Templar Archives  
  29  4:37  Dark Shrine  
  29  4:42  Gateway  
  29  4:43  Gateway  
  29  4:44  Zealot x7  
  41  4:55  Warp Prism  
  31  5:05  Zealot x2  
  31  5:06  Zealot x2  
  37  5:15  High Templar x3  
  37  5:19  Archon  
  43  5:28  Zealot x3  
  43  5:29  Zealot  
  51  5:39  High Templar x2  
  41  5:44  Archon  
  41  5:49  Zealot x3  
  39  5:50  Zealot x4  
  43  6:10  Zealot x2  
  43  6:11  Zealot x5  
  49  6:22  High Templar  
  49  6:23  High Templar  
  45  6:27  Archon  
  45  6:32  Zealot x3  
  37  6:33  Zealot x4  
  27  6:56  Zealot x4  
  27  6:57  Zealot x3  
  27  7:00  Zealot x2  
Show
View Real Time Build Order
Export as new Build Order

Necromancer Protoss 

Build Orders:  

Get SALT Encoding   

  12  0:01  Probe (Chrono Boost)  
  13  0:11  Probe (Chrono Boost)  
  14  0:27  Pylon  
  14  0:32  Probe  
  14  0:35  Assimilator  
  15  0:39  Pylon  
  15  0:44  Assimilator  
  15  0:45  Probe  
  16  0:57  Probe  
  17  1:09  Probe  
  17  1:10  Gateway  
  18  1:21  Probe  
  19  1:39  Forge  
  19  2:50  Photon Cannon  
  19  2:54  Probe  
  20  3:07  Probe  
  21  3:20  Probe  
  22  3:32  Probe  
Show
View Real Time Build Order
Export as new Build Order

Esharell Zerg - Winner!

Build Orders: Pool First 

Get SALT Encoding   

  12  0:01  Drone  
  13  0:13  Overlord  
  13  0:18  Drone  
  14  0:31  Drone  
  14  0:32  Drone  
  16  0:40  Drone  
  17  0:48  Drone  
  18  0:52  Spawning Pool  
  17  1:08  Extractor  
  16  1:22  Drone x2  
  16  1:24  Hatchery  
  17  1:26  Drone  
  18  1:39  Drone  
  19  1:44  Zergling x2  
  20  1:55  Overlord  
  20  2:08  Zergling x2  
  20  2:14  Queen  
  23  2:17  Metabolic Boost  
  23  2:20  Zergling x2  
  24  2:28  Drone  
  25  2:38  Queen  
  27  2:45  Drone x2  
  29  3:03  Spine Crawler  
  28  3:05  Spore Crawler  
  28  3:07  Drone x4  
  28  3:10  Spore Crawler  
  28  3:11  Overlord  
  30  3:19  Drone x2  
  31  3:33  Roach Warren  
  29  4:03  Overlord  
  29  4:13  Roach x7  
  43  4:21  Pneumatized Carapace  
  43  4:25  Zergling x2  
  43  4:26  Zergling x14  
  43  4:29  Overlord  
  51  4:51  Zergling x2  
  51  4:52  Zergling x8  
  56  4:57  Zergling x2  
  53  5:05  Roach  
  55  5:15  Spine Crawler  
  55  5:18  Spine Crawler  
  55  5:19  Drone x3  
  55  5:20  Spine Crawler  
  52  5:36  Roach x4  
  51  5:51  Roach x4  
  57  5:59  Zergling x2  
  50  6:06  Zergling x4  
  48  6:18  Zergling x4  
  49  6:25  Ravager x2  
  51  6:27  Zergling x2  
  51  6:28  Roach  
  51  6:37  Roach x3  
  52  6:47  Roach  
  49  6:56  Zergling x6  
  49  6:57  Zergling x4  
Show
View Real Time Build Order
Export as new Build Order

Legol Protoss - Winner!

Build Orders: Blink Stalkers 

Get SALT Encoding   

  12  0:01  Probe  
  13  0:13  Probe  
  14  0:18  Pylon  
  14  0:25  Probe  
  15  0:37  Probe (Chrono Boost)  
  15  0:39  Gateway  
  16  0:49  Probe (Chrono Boost)  
  17  0:56  Probe (Chrono Boost), Assimilator  
  17  1:01  Assimilator  
  18  1:08  Probe  
  19  1:20  Probe  
  20  1:28  Cybernetics Core  
  20  1:29  Pylon  
  20  1:32  Probe  
  21  1:44  Probe  
  22  2:04  Stalker (Chrono Boost), Twilight Council  
  22  2:08  Warp Gate  
  24  2:17  Pylon  
  24  2:26  Stalker  
  26  2:35  Blink (Chrono Boost)  
  26  2:46  Gateway  
  26  2:50  Gateway  
  26  2:56  Stalker  
  28  3:26  Stalker  
  30  3:33  Stalker  
  32  3:37  Stalker  
  32  3:41  Shield Battery  
  34  4:04  Stalker  
  36  4:13  Stalker  
  38  4:21  Pylon  
  38  4:23  Pylon  
  38  4:24  Pylon  
  38  4:59  Stalker x3  
  44  5:22  Stalker  
  44  5:23  Stalker x2  
  50  5:47  Stalker x2  
  54  6:05  Stalker  
  46  6:28  Stalker  
  46  6:29  Stalker x2  
  49  7:09  Stalker x2  
  49  7:10  Stalker  
Tags
 
Add a new tag
Caveats
  • Supply blocks, unpowered buildings, or Contaminate may cause inaccurate times.
  • Supply counts are checked every 10 seconds.